 Dungeon Crawl Stone Soup version 0.24.0-125-gc4c63601f3 (webtiles) character file.

Game seed: 6194864990140128327, levelgen mode: deterministic

54 Glamhuggeren the Shooter (level 3, -7/30 HPs)
             Began as a Centaur Hunter on Mar 10, 2020.
             Mangled by a gnoll
             ... wielding a +0 whip
              (9 damage)
             ... on level 2 of the Dungeon on Mar 11, 2020.
             The game lasted 00:05:07 (1056 turns).

Glamhuggeren the Shooter (Centaur Hunter)           Turns: 1056, Time: 00:05:07

Health: -7/30      AC:  4    Str: 15    XL:     3   Next: 66%
Magic:  3/3        EV:  5    Int: 10    God:
Gold:   102        SH:  0    Dex:  9    Spells: 2/2 levels left

rFire    . . .     SeeInvis .   b - +0 whip (venom)
rCold    . . .     Gourm    .   (no shield)
rNeg     . . .     Faith    .   c - +0 leather armour
rPois    .         Spirit   .   (no helmet)
rElec    .         Reflect  .   (no cloak)
rCorr    .         Harm     .   (no gloves)
MR       .....                  (no barding)
Stlth    +.........             (no amulet)
HPRegen  0.10/turn              (no ring)
MPRegen  0.08/turn              (no ring)

@: held, very quick
A: large, hooves 3, deformed body, speed 2, tough skin 3
a: no special abilities


You were on level 2 of the Dungeon.
You were not hungry.

You visited 1 branch of the dungeon, and saw 2 of its levels.

You collected 102 gold pieces.

Inventory:

Hand Weapons
 a - a +1 shortbow
 b - a +0 whip of venom (weapon)
Missiles
 d - 20 arrows
Armour
 c - a +0 leather armour (worn)
 g - a +0 ring mail
Scrolls
 e - a scroll of fear {unknown}
 h - a scroll of identify {unknown}
 i - 2 scrolls of random uselessness {unknown}
 k - 2 scrolls of remove curse {unknown}
 m - a scroll of immolation {unknown}
 n - 2 scrolls of teleportation {unknown}
Potions
 j - a potion of lignification {unknown}
 o - 2 potions of flight {unknown}
Comestibles
 f - 7 rations
 l - 6 chunks of flesh


   Skills:
 + Level 2.6 Fighting
 * Level 6.3 Bows
 + Level 1.9 Dodging
 - Level 0.4 Stealth


You had 2 spell levels left.
You didn't know any spells.
Your spell library was empty.

Dungeon Overview and Level Annotations

Branches:
Dungeon (2/15)

Altars:


Innate Abilities, Weirdness & Mutations

You have hooves in place of feet.
Armour fits poorly on your strangely shaped body.
You cover ground very quickly.
You have extremely tough skin. (AC +3)


Message History

The gnoll is too close now for your liking.
A frilled lizard and a gnoll come into view.
The gnoll shouts!
The frilled lizard hisses angrily.
You hear a shout! x3
Found a stone staircase leading up.
A gnoll comes into view. It is wielding a +0 spear.
A gnoll comes into view. It is wielding a +0 club.
Found a scroll labeled ERHUUM POQECSI.
The gnoll shouts!
The gnoll throws a throwing net.
The throwing net hits you.
You become entangled in the net!
You see here a throwing net.
You struggle against the net.
The gnoll hits you with a +0 whip!
You struggle against the net.
The gnoll hits you with a +0 whip.
* * * LOW HITPOINT WARNING * * *
You struggle against the net.
The gnoll hits you with a +0 whip.
* * * LOW HITPOINT WARNING * * *
A kobold comes into view.
The frilled lizard bites you but does no damage.
You struggle against the net.
The gnoll hits you with a +0 whip!
You die...

....#######. ............
...... ..#
####.##########..... ..#
...(............... .K..
.##.......####..#.. .g.#
..'.....#....#..#.##....
.##.....#....#..#<.g..
.##.....#....#..#l.#####?
###.....#.#.....@g.......
#....##......###.######
#....####........# #....
#....#.... ......#.##.#
.###.... . .# .
###.#..#.# .....#.#


You could see 3 gnolls, a kobold and a frilled lizard.

Vanquished Creatures
  A gnoll (D:2)
  An ooze (D:1)
  A dart slug (D:1)
  7 bats
  A giant cockroach (D:1)
  4 goblins (D:1)
  6 hobgoblins
  3 jackals (D:2)
  A quokka (D:2)
  A frilled lizard (D:1)
  4 kobolds
  9 rats
39 creatures vanquished.

Notes
Turn   | Place    | Note
-------+----------+-------------------------------------------
     0 | D:1      | Glamhuggeren the Centaur Hunter began the quest for the
                  | Orb.
     0 | D:1      | Reached XP level 1. HP: 17/17 MP: 1/1
    92 | D:1      | Reached XP level 2. HP: 22/24 MP: 2/2
   466 | D:1      | Reached skill level 6 in Bows
   553 | D:1      | Reached XP level 3. HP: 23/30 MP: 3/3
  1055 | D:2      | HP: 1/30 [gnoll/+0 whip (6)]
  1056 | D:2      | Mangled by a gnoll

Levels and vault maps discovered:
D:1:      minmay_arrival_pointy, layout_loops_ring, minmay_pentomino_w4
D:2:      layout_basic, chequers_temple_overflow_statue_of_worship,
          grunt_ministairs_9, grunt_qazlal_clouds, uniq_robin, uniq_sigmund

Skill      XL: |  1  2 |
---------------+-------+-----
Bows           | 6 |  6.3
Fighting       | |  2.6
Dodging        | |  1.9
Stealth        | |  0.4

Action                   || total
-------------------------++-------
Melee: Short sword       ||    49
       Kick              ||    21
       Whip              ||    48
 Fire: Shortbow          ||     3
Armor: Leather armour    ||    61
Dodge: Dodged            ||    65
